 Dungeon Sprint DCSS version 0.19.0-24-gb05acd6 (webtiles) character file.

1331 igo the Cleaver (level 8, 0/139 HPs)
             Began as a Deep Dwarf Berserker on Nov 22, 2016.
             Was a High Priest of Trog.
             Slain by a red ugly thing (15 damage)
             ... in the Dungeon (Sprint V: "Ziggurat Sprint").
             The game lasted 00:03:34 (165 turns).

igo the Cleaver (Deep Dwarf Berserker)               Turns: 165, Time: 00:03:36

Health: 0/139      AC: 29    Str: 27    XL:     8   Next: 34%
Magic:  8/8        EV: 12    Int:  7    God:    Trog [*****.]
Gold:   0          SH:  0    Dex: 14    Spells: 0 memorised, 7 levels left

rFire  . . .     SeeInvis .     P - +8 frozen axe "Frostbite" {freezing cloud, *Noise +Fly rC+}
rCold  + . .     Gourm    .     M - +15 Maxwell's patent armour {-Cast -Tele rElec MR+ rCorr}
rNeg   . . .     Faith    .     (shield currently unavailable)
rPois  .         Spirit   .     (no helmet)
rElec  +         Reflect  .     (no cloak)
rCorr  +         Harm     .     (no gloves)
MR     ++...     NoTele   +     (no boots)
Stlth  .......... NoCast   +    (no amulet)
                                (no ring)
                                (no ring)

@: berserking, non-regenerating, very quick
A: damage resistance, recharge devices, sense surroundings 1, robust 1, slow
regeneration 3
a: Device Recharging, Berserk, Trog's Hand, Brothers in Arms, Burn Spellbooks,
Renounce Religion, Evoke Flight


You were in the Dungeon.
You worshipped Trog.
Trog was extremely pleased with you.
You were not hungry.

You visited 1 branch

Inventory:

Hand Weapons
 a - a +0 hand axe
 l - a +5 executioner's axe
 P - the +8 frozen axe "Frostbite" (weapon) {freezing cloud, *Noise +Fly rC+}
   (You found it in the Dungeon)

   It has been specially enchanted to freeze those struck by it, causing extra
   injury to most foes and up to half again as much damage against particularly
   susceptible opponents.
   It can also slow down cold-blooded creatures.
   It protects you from cold.
   It lets you fly.
   It may make noises in combat.
 R - the +8 mithril axe "Arga" {speed, MR+}
   (You found it in the Dungeon)

   Attacks with this weapon are significantly faster.
   It affects your resistance to hostile enchantments.
Armour
 b - a +0 animal skin
 k - a +5 crystal plate armour
 M - the +15 Maxwell's patent armour (worn) {-Cast -Tele rElec MR+ rCorr}
   (You found it in the Dungeon)

   It insulates you from electricity.
   It affects your resistance to hostile enchantments.
   It prevents spellcasting.
   It prevents most forms of teleportation.
   It protects you from acid and corrosion.
 N - +5 gold dragon scales
Rods
 S - a +6 rod of ignition (12/12)
   (You found it in the Dungeon)
Jewellery
 E - a +6 ring of dexterity
 F - a +6 ring of dexterity
 G - a +6 ring of intelligence
 H - a +6 ring of intelligence
 I - a +6 ring of strength
 J - a +6 ring of strength
 K - an uncursed ring of flight
Wands
 c - a wand of heal wounds (5/9)
 y - a wand of disintegration (7/24)
 B - a wand of iceblast (5/15)
 C - a wand of lightning (5/15)
 D - a wand of acid (5/15)
Scrolls
 j - 4 scrolls of blinking
 o - 3 scrolls of recharging
 p - 7 scrolls of fog
 q - a scroll of holy word
 r - 5 scrolls of identify
 s - 5 scrolls of remove curse
 t - 2 scrolls of fear
Potions
 e - 10 potions of curing
 f - 7 potions of heal wounds
 g - 6 potions of haste
 h - 7 potions of magic
 i - 3 potions of berserk rage
 u - 2 potions of brilliance
 v - 2 potions of invisibility
 w - 4 potions of resistance
 x - a potion of experience
 z - 5 potions of agility
 A - 5 potions of might
Books
 Q - the Volume of Feathery Boosts
   (You found it in the Dungeon)

   Spells                             Type                      Level
   a - Ozocubu's Armour               Charms/Ice                   3
   b - Regeneration                   Charms/Necromancy            3
   c - Static Discharge               Conjuration/Air              3
   d - Lightning Bolt                 Conjuration/Air              5
   e - Conjure Ball Lightning         Conjuration/Air              6
   Trog disapproves of the use of such an item.
 T - a book of Death

   Spells                             Type                      Level
   a - Corpse Rot                     Necromancy                   2
   b - Sublimation of Blood           Necromancy                   2
   c - Agony                          Necromancy                   5
   d - Dispel Undead                  Necromancy                   5
   e - Excruciating Wounds            Charms/Necromancy            5
   f - Bolt of Draining               Conjuration/Necromancy       5
   Trog disapproves of the use of such an item.
Miscellaneous
 L - a disc of storms
Comestibles
 d - 5 bread rations
 m - 42 fruits
 n - 4 meat rations
 O - a chunk of flesh


   Skills:
 + Level 9.3 Fighting
 * Level 13.1 Axes
 + Level 9.0 Armour
 + Level 7.8 Dodging


You had 7 spell levels left.
You didn't know any spells.

Dungeon Overview and Level Annotations

Branches:
Dungeon (1/1)

Altars:
Ashenzari
Cheibriados
Dithmenos
Elyvilon
Fedhas
Gozag
Hepliaklqana
Kikubaaqudgha
Makhleb
Nemelex Xobeh
Okawaru
Qazlal
Ru
Sif Muna
Trog
Uskayaw
Vehumet
Xom
Yredelemnul
Zin
The Shining One
Beogh
Jiyva
Lugonu


Innate Abilities, Weirdness & Mutations

You are resistant to damage.
You can recharge devices by infusing magical energy.
You passively map a small area around you.
You do not regenerate.
You are robust. (+10% HP)


Message History

Unknown command.
You slash the neqoxec! You freeze the neqoxec.
The neqoxec is moderately wounded.
You slash the red ugly thing! You freeze the red ugly thing.
You hit the shining eye. You freeze the shining eye.
You closely miss the spriggan.
The neqoxec is engulfed in freezing vapours.
The neqoxec hits you but does no damage.
The spriggan hits you but does no damage.
The red ugly thing misses you.
The neqoxec is engulfed in freezing vapours.
The neqoxec closely misses you. The spriggan barely misses you.
A red film seems to cover your vision as you go berserk!
You feel yourself moving faster!
You feel mighty!
You feel a lot more hungry. The ufetubus barely misses you.
The ufetubus hits you.
* * * LOW HITPOINT WARNING * * *
The red ugly thing punches you!
* * * LOW HITPOINT WARNING * * *
You are engulfed in flames!
You die...

▓........▓........▓
▓▓▓▓▓▓▓▓▓▓▓▓▓▓▓▓▓▓▓
* ,, ▓..8©8..▓ ,, ,
, ▓..}))..▓
▓..:)=..▓ , , ,
▓.......▓ ,,,
,▓...5...▓
▓..u3†..▓ ,
▓..G@i..▓ * *
▓.▓..5▓.▓ ▓.......▓
* *▓▓▓▓▓▓▓▓▓ , ,, ,
*, ,,, , , ,,, , ,
,,


You could see a red ugly thing, a shining eye, a neqoxec, a spriggan shaped
shifter, a white imp and an ufetubus.

Vanquished Creatures
  A komodo dragon (shapeshifter) (D)
  A wind drake (shapeshifter) (D)
  A spriggan (D)
  A hell hound (D)
  3 black bears (D)
  3 wolves (D)
  2 crimson imps (D)
  An adder (D)
  2 white imps (D)
  An ufetubus (D)
  An adder zombie (D)
  2 ball pythons (D)
  A bat zombie (D)
20 creatures vanquished.

Vanquished Creatures (others)
  2 spatial maelstroms (D)
2 creatures vanquished.

Grand Total: 22 creatures vanquished

Notes
Turn   | Place    | Note
-------+----------+-------------------------------------------
     0 | D        | igo the Deep Dwarf Berserker began the quest for the Orb.
     0 | D        | Reached XP level 1. HP: 20/20 MP: 1/1
     5 | D        | Banished a spatial maelstrom
     8 | D        | Banished a spatial maelstrom
    13 | D        | Found a blossoming altar of Fedhas.
    14 | D        | Found a viscous altar of Jiyva.
    14 | D        | Found a hazy altar of Hepliaklqana.
    14 | D        | Found an opulent altar of Gozag.
    14 | D        | Found an ancient bone altar of Kikubaaqudgha.
    14 | D        | Found a corrupted altar of Lugonu.
    21 | D        | Found a burning altar of Makhleb.
    22 | D        | Found a sacrificial altar of Ru.
    22 | D        | Found a stormy altar of Qazlal.
    22 | D        | Found a deep blue altar of Sif Muna.
    22 | D        | Found an iron altar of Okawaru.
    22 | D        | Found a bloodstained altar of Trog.
    22 | D        | Found a sparkling altar of Nemelex Xobeh.
    74 | D        | Entered arena 1.
    74 | D        | Noticed a spriggan
    74 | D        | Noticed a black bear
    80 | D        | Killed a black bear
    80 | D        | Reached skill level 5 in Fighting
    80 | D        | Reached skill level 6 in Axes
    80 | D        | Reached XP level 2. HP: 28/32 MP: 2/2
    80 | D        | Reached XP level 3. HP: 34/39 MP: 3/3
    80 | D        | Reached XP level 4. HP: 41/46 MP: 4/4
    85 | D        | Killed a spriggan
    85 | D        | Reached skill level 9 in Axes
    85 | D        | Reached skill level 5 in Armour
    85 | D        | Reached XP level 5. HP: 34/56 MP: 5/5
    98 | D        | Entered arena 2.
   100 | D        | Reached ** piety under Trog
   108 | D        | Entered arena 3.
   112 | D        | Reached *** piety under Trog
   112 | D        | Reached XP level 6. HP: 66/66 MP: 6/6
   117 | D        | Reached skill level 5 in Dodging
   122 | D        | Entered arena 4.
   122 | D        | Noticed a hell hound
   124 | D        | Killed a hell hound
   124 | D        | Reached **** piety under Trog
   124 | D        | Reached skill level 10 in Axes
   138 | D        | Identified the Volume of Feathery Boosts
   140 | D        | Entered arena 5.
   142 | D        | Reached skill level 11 in Axes
   142 | D        | Reached XP level 7. HP: 72/74 MP: 7/7
   142 | D        | Reached ***** piety under Trog
   142 | D        | Reached skill level 12 in Axes
   157 | D        | Entered arena 6.
   157 | D        | Noticed a yaktaur
   157 | D        | Noticed a shining eye
   157 | D        | Noticed a red ugly thing
   157 | D        | Noticed a komodo dragon
   157 | D        | Noticed a wind drake
   157 | D        | Noticed a neqoxec
   161 | D        | Noticed a spriggan
   161 | D        | a yaktaur changed into a spriggan
   162 | D        | Killed a komodo dragon
   162 | D        | Reached XP level 8. HP: 48/85 MP: 8/8
   162 | D        | Gained mutation: You are robust. (+10% HP) [a shining eye]
   163 | D        | Killed a wind drake
   163 | D        | Reached skill level 13 in Axes
   165 | D        | Slain by a red ugly thing

Skill      XL: |  1  2  3  4  5  6  7  8 |
---------------+-------------------------+-----
Fighting       | 5 6 7 8 9 |  9.3
Axes           | 6 9 11 12 13 | 13.1
Armour         | 4 5 7 8 9 |  9.0
Dodging        | 3 4 5 7 |  7.8

Action                   |  1- 3 |  4- 6 |  7- 9 || total
-------------------------+-------+-------+-------++-------
Melee: Executioner's axe |     5 |    27 |     9 ||    41
Invok: Berserk           |     1 |       |     1 ||     2
  Use: Potion            |       |     3 |       ||     3
Armor: Plate armour      |     7 |    37 |    17 ||    61
Dodge: Dodged            |    11 |    25 |    18 ||    54
